AoeStats
← gilabertantonio17

Black Forest

508022972Analyzed
2v2 RM · 10d ago on Sep 20, 2026· 63m 37s· 4 players
Game mode
Random Map
Map size
Medium (4 player)
Population
200
Speed
Normal
Resources
Standard
Victory
Conquest
Starting age
Dark Age
Ending age
Imperial Age
RankedLock teamsTeams togetherTeam positionsShared explorationLock speedFull tech treeHidden civsTurbo modeCheats
Victory
Defeat
🇪🇸 Spanish · Spain
759
+16
🇪🇸 Spanish · Spain
717
+17
🇸🇪 Teutons · Sweden
796
-18
🇨🇦 Britons · Canada
713
-15
gilabertantonio17
13:22 Feudal Age
14:48 Wheelbarrow
14:05 Double-Bit Axe
14:47 Town Watch
14:46 Horse Collar
15:11 Stone Mining
15:12 Gold Mining
26:14 Castle Age
27:15 Bow Saw
28:01 Heavy Plow
28:38 Caravan
29:14 Hand Cart
29:01 Town Patrol
29:24 Scale Mail Armor
29:35 Forging
29:31 Scale Barding Armor
29:26 Padded Archer Armor
29:17 Fletching
30:37 Stone Shaft Mining
30:27 Chain Mail Armor
31:34 Iron Casting
31:19 Fortified Wall
33:26 Ballistics
34:21 Chain Barding Armor
34:17 Leather Archer Armor
35:20 Pikeman
36:02 Squires
35:50 Arson
36:09 Bodkin Arrow
41:10 Imperial Age
41:24 Husbandry
42:38 Plate Barding Armor
42:34 Plate Mail Armor
43:04 Blast Furnace
42:37 Ring Archer Armor
43:09 Chemistry
42:32 Conscription
41:36 Halberdier
41:39 Cavalier
42:50 Elite Conquistador
43:03 Paladin
44:18 Bracer
45:26 Two-Man Saw
61:17 Elite Skirmisher
oomorfeoo
0:34 Loom
12:18 Feudal Age
13:34 Horse Collar
13:42 Double-Bit Axe
17:24 Wheelbarrow
21:41 Castle Age
20:29 Stone Mining
20:35 Gold Mining
22:42 Heavy Plow
22:57 Bow Saw
26:57 Hand Cart
30:32 Imperial Age
28:42 Caravan
29:31 Stone Shaft Mining
33:59 Two-Man Saw
34:06 Chemistry
33:21 Masonry
33:32 Ballistics
33:56 Husbandry
33:16 Cavalier
34:54 Scale Barding Armor
34:49 Scale Mail Armor
36:02 Town Watch
36:59 Chain Barding Armor
36:54 Chain Mail Armor
39:17 Guilds
39:38 Coinage
42:06 Plate Barding Armor
42:02 Plate Mail Armor
41:33 Padded Archer Armor
41:23 Fletching
41:44 Forging
42:04 Bombard Tower
42:13 Town Patrol
43:38 Banking
44:10 Supremacy
43:21 Sappers
43:50 Arrowslits
45:00 Leather Archer Armor
45:19 Paladin
45:59 Bodkin Arrow
46:40 Iron Casting
47:46 Hoardings
48:53 Arson
49:08 Squires
48:29 Pikeman
49:18 Guard Tower
Troy 809
3:14 Loom
15:34 Feudal Age
16:14 Double-Bit Axe
16:21 Gold Mining
15:52 Man-at-Arms
16:22 Horse Collar
23:00 Scale Mail Armor
23:10 Forging
23:06 Padded Archer Armor
22:57 Fletching
25:33 Castle Age
25:35 Town Watch
26:29 Wheelbarrow
26:14 Heavy Plow
26:25 Bow Saw
26:55 Gold Shaft Mining
27:22 Chain Mail Armor
27:42 Iron Casting
27:31 Long Swordsman
28:15 Squires
32:04 Caravan
35:59 Imperial Age
34:36 Hand Cart
34:23 Town Patrol
34:20 Gambesons
34:54 Leather Archer Armor
34:40 Bodkin Arrow
35:46 Pikeman
37:47 Elite Longbowman
40:03 Ballistics
39:13 Two-Handed Swordsman
39:42 Arson
40:56 Yeomen
41:42 Warwolf
42:06 Conscription
42:52 Two-Man Saw
41:46 Stone Mining
43:23 Ring Archer Armor
42:55 Bracer
43:27 Plate Mail Armor
43:58 Blast Furnace
42:43 Champion
56:20 Chemistry
55:26 Siege Engineers
57:55 Halberdier
Forza Juve
0:27 Loom
12:52 Feudal Age
13:18 Horse Collar
13:26 Double-Bit Axe
17:17 Wheelbarrow
21:08 Castle Age
19:44 Stone Mining
21:27 Gold Mining
21:25 Town Watch
22:52 Bow Saw
23:56 Stone Shaft Mining
24:01 Heavy Plow
24:34 Caravan
30:28 Masonry
30:29 Fortified Wall
34:10 Imperial Age
32:13 Fletching
33:00 Forging
33:17 Guard Tower
33:10 Elite Skirmisher
37:09 Scale Mail Armor
37:10 Padded Archer Armor
37:42 Hand Cart
38:57 Heated Shot
40:13 Two-Man Saw
39:47 Crop Rotation
40:05 Leather Archer Armor
39:46 Bodkin Arrow
40:07 Chain Mail Armor
40:59 Coinage
41:34 Hoardings
42:03 Keep
42:21 Ring Archer Armor
42:27 Iron Casting
43:38 Plate Mail Armor
43:02 Elite Teutonic Knight
44:38 Ironclad
43:49 Sappers
44:30 Scale Barding Armor
43:50 Cavalier
46:14 Banking
46:49 Blast Furnace
47:53 Chemistry
47:13 Ballistics
46:40 Arrowslits
50:30 Siege Engineers
56:21 Chain Barding Armor
55:24 Paladin
56:14 Bloodlines
59:53 Crossbowman
61:26 Plate Barding Armor
Connection lost

Rejoining the realm…

Still unreachable

The connection could not be restored.

Session expired

The server has moved on; the page needs a fresh start.